 Dungeon Sprint DCSS version 0.30.1-11-g7821555f0a (webtiles) character file.

Game seed: 5790487603874821173

13267 Heoruswealwe the Phalangite (level 11, -1/119 HPs)
             Began as a Minotaur Fighter on Nov 13, 2023.
             Was an Initiate of Gozag.
             Killed by divine providence
             ... invoked by a smoke demon
             ... summoned by an orc high priest
              (9 damage)
             ... in the Dungeon (Sprint IX: "|||||||||||||||||||||||||||||").
             The game lasted 00:12:16 (1645 turns).

Heoruswealwe the Phalangite (Minotaur Fighter)      Turns: 1645, Time: 00:12:18

Health: -1/119     AC: 30    Str: 26    XL:     11   Next: 73%
Magic:  10/10      EV:  8    Int:  5    God:    Gozag
Gold:   6919       SH:  0    Dex:  9    Spells: 10/10 levels left

rFire   . . .        b - +2 halberd (protect)
rCold   . . .        (shield currently unavailable)
rNeg    . . .        u - +0 plate armour
rPois   .            (helmet restricted)
rElec   .            (no cloak)
rCorr   .            (no gloves)
SInv    .            e - +0 pair of boots
Will    .....        (no amulet) Stlth
                     k - +2 ring of protection
HPRegen 0.39/turn    j - +2 ring of protection
MPRegen 0.12/turn

%: no teleportation
@: mighty, gold aura, under a protective aura, hasted, very quick
A: horns 2, retaliatory headbutt
a: Renounce Religion, Potion Petition, Call Merchant, Bribe Branch


You were in the Dungeon.
You worshipped Gozag.
Gozag was greatly pleased with you.
You visited 1 branch You collected 6919 gold pieces.

Inventory:

Hand Weapons
 a - a +0 trident
 b - a +2 halberd of protection (weapon)
Armour
 d - a +0 buckler
 e - a +0 pair of boots (worn)
 u - a +0 plate armour (worn)
Jewellery
 j - a +2 ring of protection (right hand)
 k - a +2 ring of protection (left hand)
Wands
 h - a wand of light (17)
Scrolls
 n - 2 scrolls of blinking
 p - 6 scrolls of enchant armour
 q - 2 scrolls of enchant weapon
 r - a scroll of identify
Potions
 i - a potion of berserk rage
 o - 3 potions of mutation


   Skills:
 + Level 18.0 Fighting
 * Level 24.1 Polearms
 + Level 18.0 Armour
 - Level 3.6 Shields


You had 10 spell levels left.
You didn't know any spells.
Your spell library contained the following spells:

 Spells                   Type           Power      Damage    Failure   Level
 Anguish                  Hex/Necr       0%         N/A       100%        4
 Cause Fear               Hex            0%         N/A       100%        4
 Enfeeble                 Hex            0%         N/A       100%        7


Dungeon Overview and Level Annotations

Branches:
Dungeon (1/1)

Altars:
Cheibriados
Dithmenos
Elyvilon
Fedhas
Gozag
Hepliaklqana
Kikubaaqudgha
Makhleb
Nemelex Xobeh
Okawaru
Qazlal
Ru
Sif Muna
Trog
Uskayaw
Vehumet
Wu Jian
Xom
Yredelemnul
Zin
The Shining One
Jiyva
Lugonu

Shops:
D :!


Innate Abilities, Weirdness & Mutations

You have a pair of horns on your head.
You reflexively headbutt those who attack you in melee.


Message History

The orc high priest no longer looks unusually strong.
The red devil is distracted by your dazzling golden aura.
The orc high priest invokes the aid of Beogh against you.
Beogh smites you!
* * * LOW HITPOINT WARNING * * *
The orc knight roars a battlecry!
The orcs go into a battle-frenzy!
You feel yourself speed up.
The orc high priest is distracted by your dazzling golden aura.
The orc knight hits you with a +0 war axe.
* * * LOW HITPOINT WARNING * * *
The orc knight roars a battlecry!
You hear a shout!
You feel very mighty all of a sudden.
The orc knight hits you with a +0 war axe.
* * * LOW HITPOINT WARNING * * *
You feel better.
You feel better.
The red devil is no longer distracted by gold.
The orc knight no longer looks unusually strong.
The orc knight hits you but does no damage.
You slice the orc knight!!
The orc knight is heavily wounded.
You barely miss the orc knight.
You headbutt the orc knight, but do no damage.
The orc knight is heavily wounded.
The orc knight is no longer distracted by gold.
The orc knight hits you with a +0 war axe!
* * * LOW HITPOINT WARNING * * *
You stick the orc knight like a pincushion!!!
You kill the orc knight!
Your Fighting skill increases to level 18!
Your Armour skill increases to level 18!
An orc high priest comes into view. It is wielding a +0 dire flail.
The orc knight roars a battlecry!
The orc knight is distracted by your dazzling golden aura.
The smoke demon gestures at you. Beogh smites you!
You die...
Your body crumbles into a pile of gold.

▓_▓.▓.▓.▓)▓,*,*,*,*,*,*,*,
▓_▓.▓.▓.▓)▓,*,*,*+*,*,*,*,
▓_▓.▓.▓.▓.▓,*,*,*,*,*+*,*,
▓_▓.▓.▓.▓.▓,*,*,*,*,*,*,*,
▓_▓.▓.▓.▓.▓,*,*,*,*,*,*,*,
▓_▓.▓.▓.▓.▓,*,*,*,*,*,*,*,
▓_▓.▓.▓.▓$▓,*,*,*,*,*,*,*,
▓'▓.▓'▓.▓$▓,*,*,*,*,*,*,*,
▓!▓.▓.▓.▓@▓,*+*,*,*,*,*,*,
▓?▓.▓.▓.▓o▓,*,*,*,*,*,*,*,
▓)▓.▓.▓.▓o▓,*,*,*,*,*,*,*,
▓[▓.▓.▓.▓4▓,*,*,*+*,*,*,*,
▓[▓.▓.▓.▓3▓,*,*,*,*,*,*,*,
▓.▓.▓.▓.▓o▓,*,*,*,*,*,*,*,
▓.▓.▓.▓!▓o▓,*,*,*,*,*,*,*,
▓.▓.▓.▓)▓o▓,*,*,*,*,*,*,*,
▓.▓.▓?▓.▓∩*,*,*,*,*,*,*,*,


You could see 3 orc knights, 2 orc high priests, a smoke demon (summoned) and a
red devil (summoned).

Vanquished Creatures
  A dire elephant (D)
  A hydra (D)
  Urug (D)
  An orc high priest (D)
  5 orc knights (D)
  2 orc sorcerers (D)
  7 elephants (D)
  A manticore (D)
  A black mamba (D)
  2 cane toads (D)
  An efreet (D)
  2 komodo dragons (D)
  A troll (D)
  A blink frog (D)
  A slime creature (D)
  2 wyverns (D)
  2 yaks (D)
  A vampire mosquito (D)
  5 water moccasins (D)
  10 orc warriors (D)
  An ogre (D)
  A wolf (D)
  A kobold brigand (D)
  3 bullfrogs (D)
  A scorpion (D)
  A killer bee (D)
  A howler monkey (D)
  A hound (D)
  3 orc priests (D)
  A hell rat (D)
  4 orc wizards (D)
  5 orcs (D)
  2 goblins (D)
  3 bats (D)
76 creatures vanquished.

Vanquished Creatures (others)
  An orc wizard (D)
1 creature vanquished.

Grand Total: 77 creatures vanquished

Notes
Turn   | Place    | Note
-------+----------+-------------------------------------------
     0 | D        | Heoruswealwe the Minotaur Fighter began the quest for the
                  | Orb.
     0 | D        | Reached XP level 1. HP: 19/19 MP: 0/0
    10 | D        | Reached skill level 3 in Polearms
    23 | D        | Noticed a howler monkey
    23 | D        | Noticed a scorpion
    23 | D        | Noticed a hound
    23 | D        | Noticed an ogre
    32 | D        | Killed a howler monkey
    33 | D        | Reached skill level 5 in Fighting
    33 | D        | Reached skill level 6 in Polearms
    33 | D        | Reached skill level 5 in Armour
    33 | D        | Reached XP level 2. HP: 20/29 MP: 1/1
    33 | D        | Reached XP level 3. HP: 25/36 MP: 2/2
    36 | D        | Killed a scorpion
    37 | D        | Reached skill level 8 in Polearms
    37 | D        | Reached XP level 4. HP: 33/45 MP: 3/3
    55 | D        | Killed an ogre
    56 | D        | Reached skill level 10 in Polearms
    56 | D        | Reached XP level 5. HP: 32/53 MP: 4/4
    62 | D        | Found a snail-covered altar of Cheibriados.
    62 | D        | Found a shadowy altar of Dithmenos.
    62 | D        | Found a white marble altar of Elyvilon.
    62 | D        | Found a blossoming altar of Fedhas.
    62 | D        | Found an opulent altar of Gozag.
    63 | D        | Found a hazy altar of Hepliaklqana.
    64 | D        | Found a viscous altar of Jiyva.
    65 | D        | Found an ancient bone altar of Kikubaaqudgha.
    66 | D        | Found a corrupted altar of Lugonu.
    67 | D        | Found a burning altar of Makhleb.
    68 | D        | Found a sparkling altar of Nemelex Xobeh.
    69 | D        | Found an iron altar of Okawaru.
    70 | D        | Became a worshipper of Gozag Ym Sagoz the Greedy
    71 | D        | Found a stormy altar of Qazlal.
    72 | D        | Found a sacrificial altar of Ru.
    73 | D        | Found a shimmering blue altar of Sif Muna.
    74 | D        | Found a bloodstained altar of Trog.
    75 | D        | Found a hide-covered altar of Uskayaw.
    76 | D        | Found a radiant altar of Vehumet.
    77 | D        | Found an ornate altar of the Wu Jian Council.
    78 | D        | Found a shimmering altar of Xom.
    79 | D        | Found a basalt altar of Yredelemnul.
    80 | D        | Found a glowing silver altar of Zin.
    81 | D        | Found a glowing golden altar of the Shining One.
   133 | D        | Noticed a yak
   133 | D        | Noticed a vampire mosquito
   139 | D        | Killed a yak
   140 | D        | Reached skill level 11 in Polearms
   140 | D        | Reached XP level 6. HP: 56/63 MP: 5/5
   145 | D        | Reached skill level 12 in Polearms
   181 | D        | Killed a vampire mosquito
   182 | D        | Reached skill level 10 in Fighting
   182 | D        | Reached skill level 13 in Polearms
   182 | D        | Reached skill level 10 in Armour
   182 | D        | Reached XP level 7. HP: 63/72 MP: 6/6
   208 | D        | Noticed a komodo dragon
   208 | D        | Noticed a five-headed hydra
   208 | D        | Noticed an efreet
   208 | D        | Noticed a manticore
   208 | D        | Noticed a slime creature
   208 | D        | Noticed a troll
   212 | D        | Killed a komodo dragon
   213 | D        | Reached skill level 14 in Polearms
   217 | D        | Killed a nine-headed hydra
   218 | D        | Reached skill level 15 in Polearms
   218 | D        | Reached XP level 8. HP: 47/83 MP: 7/7
   223 | D        | Killed an efreet
   224 | D        | Reached skill level 16 in Polearms
   226 | D        | Killed a manticore
   236 | D        | Killed a slime creature
   237 | D        | Reached skill level 17 in Polearms
   237 | D        | Reached XP level 9. HP: 37/92 MP: 8/8
   238 | D        | Killed a troll
   518 | D        | Noticed a black mamba
   524 | D        | Noticed a cane toad
   528 | D        | Killed a black mamba
   529 | D        | Reached skill level 18 in Polearms
   544 | D        | Killed a cane toad
   545 | D        | Reached skill level 19 in Polearms
   563 | D        | Noticed a komodo dragon
   573 | D        | Killed a komodo dragon
   574 | D        | Reached XP level 10. HP: 85/104 MP: 9/9
   584 | D        | Noticed a cane toad
   596 | D        | Killed a cane toad
   597 | D        | Reached skill level 15 in Fighting
   597 | D        | Reached skill level 20 in Polearms
   597 | D        | Reached skill level 15 in Armour
   654 | D        | Noticed an elephant
   654 | D        | Noticed an elephant
   654 | D        | Noticed an elephant
   654 | D        | Noticed an elephant
   654 | D        | Noticed an elephant
   654 | D        | Noticed a dire elephant
   663 | D        | Killed an elephant
   666 | D        | Killed an elephant
   680 | D        | Killed a dire elephant
   681 | D        | Reached skill level 21 in Polearms
   682 | D        | Noticed an elephant
   688 | D        | Killed an elephant
   692 | D        | Noticed an elephant
   693 | D        | Killed an elephant
   700 | D        | Killed an elephant
   709 | D        | Killed an elephant
   716 | D        | Killed an elephant
   717 | D        | Reached skill level 22 in Polearms
   717 | D        | Reached XP level 11. HP: 29/115 MP: 10/10
  1047 | D        | Noticed Urug
  1054 | D        | Killed Urug
  1397 | D        | Noticed an orc knight
  1397 | D        | Noticed an orc sorcerer
  1405 | D        | Noticed an orc knight
  1405 | D        | Killed an orc knight
  1409 | D        | Noticed an orc knight
  1411 | D        | Killed an orc sorcerer
  1412 | D        | Noticed an orc sorcerer
  1425 | D        | Killed an orc knight
  1426 | D        | Reached skill level 23 in Polearms
  1429 | D        | Killed an orc knight
  1431 | D        | Killed an orc sorcerer
  1608 | D        | Found Xatuyvo's Book Emporium.
  1608 | D        | Noticed an orc knight
  1608 | D        | Noticed an orc high priest
  1608 | D        | Noticed an orc knight
  1608 | D        | Noticed an orc knight
  1608 | D        | Noticed an orc high priest
  1626 | D        | Killed an orc knight
  1627 | D        | Noticed an orc knight
  1634 | D        | Killed an orc high priest
  1635 | D        | Reached skill level 24 in Polearms
  1635 | D        | Found Fonuamox's Distillery.
  1635 | D        | Noticed an orc knight
  1644 | D        | Killed an orc knight
  1645 | D        | Noticed an orc high priest
  1645 | D        | Killed from afar by a smoke demon

Illustrated notes

Levels and vault maps discovered:
D:        linesprint [early_d, line_temple, items_1, d_10, items_2, lair_1,
          lair_end, items_3, orc_1, orc_end, items_4, d_15, swamp_1, shoals_1,
          snake_1, spider_1, d_20, vaults_1, items_5, swamp_end, shoals_end,
          snake_end, spider_end, vaults_end, d_27, items_6, zot_1, zot_end,
          crypt_end, forest_end, elf_end, slime_end, tomb_end, abyss_end,
          pan_hell_end]

Skill      XL: |  1  2  3  4  5  6  7  8  9 10 11 |
---------------+----------------------------------+-----
Polearms       | 6 8 10 11 13 15 17 19 22 24 | 24.1
Fighting       | 5 6 7 9 10 12 14 16 18 | 18.0
Armour         | 5 6 7 9 10 12 14 16 18 | 18.0
Shields        | |  3.6

Action                     |  1- 3 |  4- 6 |  7- 9 | 10-12 || total
---------------------------+-------+-------+-------+-------++-------
  Melee: Trident           |    25 |    19 |       |       ||    44
         Headbutt          |     5 |     5 |    15 |    58 ||    83
         Halberd           |       |    36 |    58 |   204 ||   298
    Use: Potion            |       |     3 |     2 |     8 ||    13
         Scroll            |       |       |     1 |     1 ||     2
   Stab: Distracted        |       |       |     1 |     2 ||     3
 Armour: Scale mail        |    18 |    32 |    24 |    29 ||   103
         Plate armour      |       |       |       |    29 ||    29
         Chain mail        |       |       |       |     7 ||     7
  Dodge: Dodged            |     6 |    17 |     8 |    38 ||    69
  Block: Buckler           |     2 |     3 |       |       ||     5
